 Dungeon Crawl Stone Soup version 0.31-a0-455-g1a7b003ef0 (webtiles) character file.

Game seed: 16141193565444775173

3314 kae the Mimic (level 9, -3/74 HPs)
             Began as a Grey Draconian Shapeshifter on Aug 3, 2023.
             Was an Initiate of Ru.
             Slain by an elephant (12 damage)
             ... on level 8 of the Dungeon.
             The game lasted 00:04:59 (7249 turns).

kae the Mimic (Grey Draconian Shapeshifter)         Turns: 7249, Time: 00:05:00

Health: -3/74      AC: 12    Str: 18    XL:     9   Next: 70%
Magic:  9/9        EV: 13    Int:  8    God:    Ru [......]
Gold:   435        SH:  0    Dex: 16    Spells: 8/8 levels left

rFire   . .          .
                       - Unarmed
rCold   . . .        (no shield)
rNeg    . . .        (body armour unavailable)
rPois   +            (helmet currently unavailable)
rElec   .            (cloak currently unavailable)
rCorr   .            (gloves currently unavailable)
SInv    .            (boots currently unavailable)
Will    .....        r - amulet of magic regeneration
Stlth   +            L - ring of flight
HPRegen 0.32/turn    P - ring of poison resistance
MPRegen 0.51/turn

%: no passive effects
@: beast-form, flying
A: beast (slay +7), AC +12, amphibious, unfitting armour, cold-blooded
a: Begin Untransformation, Renounce Religion, Sacrifice Arcana, Sacrifice
Courage, Sacrifice Purity, Reject Sacrifices


You were on level 8 of the Dungeon.
You worshipped Ru.
Ru was noncommittal.
You were a hulking beast.
You visited 1 branch of the dungeon, and saw 8 of its levels.

You collected 435 gold pieces.


Innate Abilities, Weirdness & Mutations

You are a hulking beast.
Your limbs bulge with bestial killing power. (Slay +7)
Your dull iron-grey scales are very hard. (AC +12)
You are amphibious.
You cannot fit into any form of body armour.
You are cold-blooded and may be slowed by cold attacks.


   Skills:
 - Level 5.0 Fighting
 + Level 2.6 Dodging
 - Level 7.0 Unarmed Combat
 - Level 10.0 Shapeshifting


You had 8 spell levels left.
You didn't know any spells.
Your spell library contained the following spells:

 Spells                   Type           Power      Damage    Failure   Level
 Kiss of Death            Conj/Necr      0%         2d5       41%         1
 Sting                    Tmut/Pois      0%         1d3       41%         1
 Cigotuvi's Dreadful Rot  Necr/Pois/Air  0%         N/A       54%         2
 Ensorcelled Hibernation  Hex/Ice        0%         N/A       54%         2
 Poisonous Vapours        Pois/Air       0%         N/A       54%         2
 Sublimation of Blood     Necr           0%         N/A       54%         2
 Wereblood                Tmut           0%         N/A       54%         2
 Confusing Touch          Hex            0%         N/A       78%         3
 Anguish                  Hex/Necr       0%         N/A       99%         4
 Animate Dead             Necr           0%         N/A       99%         4
 Dispel Undead            Necr           0%         3d6       99%         4
 Olgreb's Toxic Radiance  Pois           0%         N/A       99%         4
 Death Channel            Necr           0%         N/A       100%        6
 Haunt                    Necr/Summ      0%         N/A       100%        7
 Summon Hydra             Summ           0%         N/A       100%        7
 Infestation              Necr           0%         N/A       100%        8

Inventory:

Missiles
 i - 50 stones
 p - 13 boomerangs
 q - 5 atropa-tipped darts
 t - 3 javelins
 u - a throwing net {=f!f}
Magical Staves
 m - a staff of conjuration {!a}
   (You found it on level 4 of the Dungeon)
 o - a staff of air {!a}
   (You took it off an orc on level 3 of the Dungeon)
Jewellery
 r - an amulet of magic regeneration (around neck)
   (You found it on level 4 of the Dungeon)
 F - a ring of protection from fire
   (You found it on level 4 of the Dungeon)
 L - a ring of flight (left hand)
   (You found it on level 1 of the Dungeon)
 P - a ring of poison resistance (right hand)
   (You found it on level 5 of the Dungeon)
 T - an amulet of faith {!P}
   (You found it on level 7 of the Dungeon)
Talismans
 b - a beast talisman (active)
Wands
 g - a wand of polymorph (7)
   (You found it on level 2 of the Dungeon)
 w - a wand of mindburst (6)
   (You found it on level 4 of the Dungeon)
Scrolls
 f - 4 scrolls of teleportation {@r4}
 h - 2 scrolls of torment {!r}
 j - a scroll of amnesia
 n - a scroll of blinking {!r}
 x - a scroll of enchant weapon {unknown}
Potions
 a - 3 potions of lignification {!q}
 c - a potion of berserk rage {unknown}
 d - a potion of invisibility
 e - a potion of curing {@q1}
 k - 2 potions of attraction {!q}
 l - 2 potions of haste {unknown}
 s - a potion of brilliance
 v - a potion of ambrosia {unknown}
 z - 3 potions of heal wounds {@q2}
 A - a potion of might

Dungeon Overview and Level Annotations

Branches:
Dungeon (8/15) Zot: 26927  Temple (0/1) D:6            Lair (0/5) D:8

Altars:
Cheibriados
Dithmenos
Elyvilon
Fedhas
Hepliaklqana
Kikubaaqudgha
Nemelex Xobeh
Ru
Vehumet
Xom

Annotations:
D:5 3 runed translucent doors, DEFE's ghost, novice DESh

####### #.#
#....<# #.#
#.##### #.#
#.# #l# #.#
#.# #.# #Y#
#.# #.#
#.#######)#
#..hYl....#
###########


You could see an elephant and a basilisk.


Message History

😕 HP[-4]
You take 4 damage, and now have 56/72 hp.
The centaur shoots an arrow.
The arrow hits you! 😮 HP[-12]
You take 12 damage, and now have 44/72 hp. 😮 HP[+1]
The centaur shoots an arrow.
The arrow hits you but does no damage.
The centaur shoots an arrow.
The arrow closely misses you. 😮 HP[+1]
You start resting.
A centaur is nearby! 😮 HP[+1]
The centaur unwields a +0 orcbow.
The centaur hits you. The centaur completely misses you.
The centaur misses you.
The centaur kicks you but does no damage. 😮 HP[-5]
You take 5 damage, and now have 42/72 hp.
You are too injured to fight recklessly!
You are too injured to fight recklessly!
You are too injured to fight recklessly!
You are too injured to fight recklessly!
You punch the centaur! The centaur barely misses you.
The centaur kicks you but does no damage.
Unknown command.
You hit the centaur.
The centaur hits you but does no damage.
The centaur closely misses you. 😮 HP[+1]
You punch the centaur!
You kill the centaur!
Training target 5.0 for Fighting reached!
Your Fighting skill increases to level 5!
You need to enable at least one skill for training.
Your Dodging skill increases to level 2! 😮 HP[+1]
You now have 74 max hp (+2). 😮 HP[+1]
You hit the black bear.
Your tail-slap misses the black bear.
The black bear bites you but does no damage.
The black bear claws you but does no damage.
The black bear claws you. 😮 HP[-2]
You take 2 damage, and now have 43/74 hp.
You are too injured to fight recklessly!
You are too injured to fight recklessly!
You punch the black bear! You tail-slap the black bear.
The black bear goes berserk!
You closely miss the black bear. You tail-slap the black bear.
You kill the black bear!
Unknown command.
You hit the elephant. The elephant tramples you.
You are shoved backwards! 😮 HP[-1]
You take 1 damage, and now have 42/74 hp.
You hit the elephant. You tail-slap the elephant!
The elephant barely misses you.
The elephant trunk-slaps you but does no damage.
Unknown command.
You hit the elephant.
Unknown command.
You hit the elephant but do no damage. The elephant tramples you!
* * * LOW HITPOINT WARNING * * *
You are shoved backwards! 😨 HP[-13]
You take 13 damage, and now have 29/74 hp.
You hit the elephant but do no damage. The elephant barely misses you.
The elephant misses you. 😨 HP[+1] Unknown command.
You hit the elephant. The elephant tramples you.
* * * LOW HITPOINT WARNING * * *
You hold your ground!
The elephant closely misses you.
Unknown command. 😨 HP[-5]
You take 5 damage, and now have 25/74 hp.
You punch the elephant! The elephant misses you.
The elephant trunk-slaps you but does no damage.
Unknown command.
You punch the elephant!
The elephant tramples you but does no damage.
The elephant trunk-slaps you but does no damage. 😨 HP[+1] Unknown command.
You punch the elephant! The elephant tramples you.
* * * LOW HITPOINT WARNING * * *
You are shoved backwards! 😨 HP[-6]
You take 6 damage, and now have 20/74 hp.
You hit the elephant. You tail-slap the elephant.
Unknown command.
You hit the elephant but do no damage. You tail-slap the elephant!
The elephant tramples you!
* * * LOW HITPOINT WARNING * * *
You are shoved backwards! 😱 HP[-12]
You take 12 damage, and now have 8/74 hp.
Unknown command.
You punch the elephant!
You tail-slap the elephant, but do no damage.
The elephant tramples you!
You die...

Skill      XL: |  1  2  3  4  5  6  7  8  9 |
---------------+----------------------------+-----
Shapeshifting  | 4 5 7 9 10 | 10.0
Unarmed Combat | 4 5 6 7 |  7.0
Fighting       | 5 |  5.0
Dodging        | 2 |  2.6

Action                     |  1- 3 |  4- 6 |  7- 9 || total
---------------------------+-------+-------+-------++-------
  Melee: Unarmed           |   111 |   190 |   263 ||   564
         Tailslap          |     9 |    26 |    51 ||    86
         Punch             |     1 |     4 |    11 ||    16
  Evoke: Wand              |       |     1 |       ||     1
    Use: Scroll            |       |     7 |     8 ||    15
         Potion            |       |     1 |       ||     1
   Stab: Distracted        |       |     1 |       ||     1
         Invisible         |       |     2 |       ||     2
 Armour: Skin              |    28 |    44 |   105 ||   177
  Dodge: Dodged            |    72 |    99 |   146 ||   317

Levels and vault maps discovered:
D:1:      eino_arrival_water_cross, layout_basic
D:2:      layout_rooms, basic_altar
D:3:      layout_loops_ring, overflow_temple_1_default,
          ebering_ecumenical_altar_mist, minmay_fractal_squares_diagonal_5,
          uniq_sigmund, uniq_terence
D:4:      layout_layer_cave, kennysheep_mini_moat, kiku_gazebo_garden_becter,
          mainiacjoe_overflow_surrounded_room, uniq_blork_the_orc
D:5:      layout_basic, fedhas_altar_decomposition,
          lemuel_coloured_pillars_altar, gammafunk_ghost_split
D:6:      layout_basic, nicolae_ru_sacrificial_ziggurat, doesnt_xom_only_xom,
          minmay_temple_entry_water_ring
D:7:      layout_basic, uniq_crazy_yiuf_cottage, uniq_menkaure
D:8:      layout_basic, kennysheep_little_box, david_lair_generic

Notes
Turn   | Place    | Note
-------+----------+-------------------------------------------
     0 | D:1      | kae the Draconian Shapeshifter began the quest for the Orb.
     0 | D:1      | Reached XP level 1. HP: 16/16 MP: 1/1
     0 | D:1      | magus.rc [v1.11.3]
    70 | D:1      | Reached XP level 2. HP: 23/23 MP: 2/2
   170 | D:1      | You pick up a book of Blood and begin reading...
   170 | D:1      | You add the spells Sublimation of Blood, Wereblood and
                  | Summon Hydra to your library.
   383 | D:1      | Reached XP level 3. HP: 25/28 MP: 3/3
   686 | D:1      | You pick up a book of Touch and begin reading...
   686 | D:1      | You add the spells Kiss of Death, Confusing Touch and
                  | Dispel Undead to your library.
   851 | D:2      | You add the spells Sting, Poisonous Vapours and Olgreb's
                  | Toxic Radiance to your library.
   893 | D:2      | Found a shimmering altar of Xom.
  1214 | D:2      | Reached skill level 4 in Shapeshifting
  1300 | D:2      | Reached XP level 4. HP: 26/35 MP: 4/4
  1377 | D:3      | Noticed Sigmund
  1382 | D:3      | Noticed Terence
  1518 | D:3      | Identified the +1 leather armour of Big Fej {Will+}
  1526 | D:3      | Sigmund changed into Sigmund the jelly
  1526 | D:3      | Noticed Sigmund
  1533 | D:3      | Killed Sigmund the jelly
  1534 | D:3      | Reached skill level 4 in Unarmed Combat
  1648 | D:3      | You pick up a book of Decay and begin reading...
  1648 | D:3      | You add the spells Cigotuvi's Dreadful Rot and Death
                  | Channel to your library.
  1707 | D:3      | Found a radiant altar of Vehumet.
  1842 | D:3      | Found a faded altar of an unknown god.
  1900 | D:3      | Reached XP level 5. HP: 40/40 MP: 5/5
  1984 | D:3      | Killed Terence
  2207 | D:3      | Reached skill level 5 in Shapeshifting
  2570 | D:4      | Reached XP level 6. HP: 35/47 MP: 6/6
  2664 | D:4      | Found a white marble altar of Elyvilon.
  2897 | D:4      | You pick up a book of Dreams and begin reading...
  2897 | D:4      | You add the spells Ensorcelled Hibernation and Anguish to
                  | your library.
  2910 | D:4      | Noticed Blork the orc
  2948 | D:4      | Reached skill level 5 in Unarmed Combat
  2955 | D:4      | Killed Blork the orc
  3074 | D:4      | Your scales start taking on a dull iron-grey colour.
  3074 | D:4      | Reached XP level 7. HP: 52/52 MP: 7/7
  3093 | D:4      | Found an ancient bone altar of Kikubaaqudgha.
  3306 | D:4      | Found a hazy altar of Hepliaklqana.
  3624 | D:5      | Entered Level 5 of the Dungeon
  3667 | D:5      | Found a runed translucent gate.
  3668 | D:5      | Found a runed translucent gate.
  3668 | D:5      | Noticed DEFE's ghost (novice DESh)
  3669 | D:5      | Found a runed translucent gate.
  3672 | D:5      | You pick up a book of Death and begin reading...
  3672 | D:5      | You add the spells Animate Dead, Haunt and Infestation to
                  | your library.
  3680 | D:5      | Reached skill level 6 in Shapeshifting
  4461 | D:5      | Found a snail-covered altar of Cheibriados.
  4512 | D:5      | Found a blossoming altar of Fedhas.
  4623 | D:5      | Reached skill level 6 in Unarmed Combat
  4623 | D:5      | Reached skill level 7 in Shapeshifting
  4629 | D:5      | Reached XP level 8. HP: 45/59 MP: 8/8
  4906 | D:6      | Found a sacrificial altar of Ru.
  4946 | D:6      | Became a worshipper of Ru the Awakened
  4999 | D:6      | Found a snail-covered altar of Cheibriados.
  5002 | D:6      | Found a shimmering altar of Xom.
  5002 | D:6      | Found an ancient bone altar of Kikubaaqudgha.
  5011 | D:6      | Found a shadowy altar of Dithmenos.
  5011 | D:6      | Found a sparkling altar of Nemelex Xobeh.
  5011 | D:6      | Found a blossoming altar of Fedhas.
  5126 | D:6      | Found a staircase to the Ecumenical Temple.
  5140 | D:6      | Reached skill level 8 in Shapeshifting
  5161 | D:6      | Reached skill level 7 in Unarmed Combat
  5303 | D:6      | Reached skill level 9 in Shapeshifting
  5303 | D:6      | Reached XP level 9. HP: 43/64 MP: 9/9
  5907 | D:7      | Noticed Menkaure
  5914 | D:7      | HP: 13/64 [bullfrog (6)]
  5915 | D:7      | Killed Menkaure
  6291 | D:7      | Reached skill level 10 in Shapeshifting
  6298 | D:7      | Reached skill level 2 in Fighting
  6432 | D:7      | Reached skill level 3 in Fighting
  6438 | D:7      | Noticed a troll
  6449 | D:7      | Killed a troll
  6450 | D:7      | Reached skill level 4 in Fighting
  6711 | D:7      | Found a runed translucent door.
  6712 | D:7      | Noticed Crazy Yiuf
  7108 | D:7      | Killed Crazy Yiuf
  7210 | D:8      | Found a staircase to the Lair.
  7210 | D:8      | Noticed an elephant
  7234 | D:8      | Reached skill level 5 in Fighting
  7234 | D:8      | Reached skill level 2 in Dodging
  7248 | D:8      | HP: 8/74 [elephant (12)]
  7249 | D:8      | Slain by an elephant

Vanquished Creatures
  A troll (D:7)
  Menkaure (D:7)
  A water moccasin (D:5)
  An orc warrior (D:7)
  3 sky beasts
  An ice beast (D:7)
  2 black bears
  2 centaurs
  3 phantoms (D:6)
  Blork the orc (D:4)
  A bullfrog (D:7)
  3 necrophages (D:5)
  3 scorpions (D:6)
  8 wights
  A bullfrog zombie (D:5)
  2 centaur zombies (D:5)
  A jelly (D:3)
  Crazy Yiuf (D:7)
  A gnoll bouda (D:4)
  5 orc priests
  2 hounds
  An iguana (D:7)
  5 orc wizards
  2 sleepcaps (D:5)
  Terence (D:3)
  A hound zombie (D:5)
  9 gnolls
  A howler monkey zombie (D:5)
  6 adders
  2 shadow imps
  A white imp (D:5)
  An ufetubus (D:5)
  2 worms (D:3)
  3 dart slugs
  31 orcs
  7 bats
  10 endoplasms
  4 giant cockroaches
  10 hobgoblins
  14 jackals
  6 kobolds
  9 quokkas
  6 ball pythons
  4 frilled lizards
  5 goblins
  5 rats
190 creatures vanquished.

Table legend:
 A = Non-vault XP
 B = Vault XP
 C = Vault XP percentage of total XP
 D = Non-vault monster count
 E = Vault monster count
 F = Vault count percentage of total count
                 A         B        C        D         E       F
            +---------+---------+-------+---------+---------+-------
      Total |    3755 |     980 |  20.7 |     166 |      24 |  12.6
            +---------+---------+-------+---------+---------+-------
        D:1 |      54 |       0 |   0.0 |      24 |       0 |   0.0
        D:2 |      68 |       0 |   0.0 |      18 |       0 |   0.0
        D:3 |     110 |     113 |  50.7 |      33 |      12 |  26.7
        D:4 |     334 |      99 |  22.9 |      34 |       1 |   2.9
        D:5 |     272 |     429 |  61.2 |      12 |       8 |  40.0
        D:6 |    1413 |       0 |   0.0 |      22 |       0 |   0.0
        D:7 |    1394 |     213 |  13.3 |      22 |       2 |   8.3
        D:8 |     110 |     126 |  53.4 |       1 |       1 |  50.0
            +---------+---------+-------+---------+---------+-------

Skill      XL: |  1  2  3  4  5  6  7  8  9 |
---------------+----------------------------+-----
Shapeshifting  | 4 5 7 9 10 | 10.0
Unarmed Combat | 4 5 6 7 |  7.0
Fighting       | 5 |  5.0
Dodging        | 2 |  2.6

Action                     |  1- 3 |  4- 6 |  7- 9 || total
---------------------------+-------+-------+-------++-------
  Melee: Unarmed           |   111 |   190 |   263 ||   564
         Tailslap          |     9 |    26 |    51 ||    86
         Punch             |     1 |     4 |    11 ||    16
  Evoke: Wand              |       |     1 |       ||     1
    Use: Scroll            |       |     7 |     8 ||    15
         Potion            |       |     1 |       ||     1
   Stab: Distracted        |       |     1 |       ||     1
         Invisible         |       |     2 |       ||     2
 Armour: Skin              |    28 |    44 |   105 ||   177
  Dodge: Dodged            |    72 |    99 |   146 ||   317

Illustrated notes

Table legend:
 A = Kills in this place as a percentage of kills in the entire game.
 B = Kills by you in this place as a percentage of kills by you in the entire game.
 C = Kills by friends in this place as a percentage of kills by friends in the entire game.
 D = Other kills in this place as a percentage of other kills in the entire game.
 E = Experience gained in this place as a percentage of experience gained in the entire game.
 F = Experience gained in this place divided by the number of levels of this place that you have seen.
                   A       B       C       D       E      F
               +-------+-------+-------+-------+-------+----------------------
         Total | 100.0 | 100.0 |   N/A |   N/A | 100.0 | 591.9
       Dungeon | 100.0 | 100.0 |   N/A |   N/A | 100.0 | 591.9
               +-------+-------+-------+-------+-------+----------------------

Table legend: (Time is in decaauts)
 A = Elapsed time spent in this place.
 B = Non-inter-level travel time spent in this place.
 C = Inter-level travel time spent in this place.
 D = Time resting spent in this place.
 E = Time spent auto-exploring this place.
 F = Levels seen in this place.
 G = Mean time per level.
                   A        B        C        D        E       F      G
               +--------+--------+--------+--------+--------+-----+--------+
         Total |   7206 |   7010 |    196 |    617 |   5182 |   8 |  900.8 |
       Dungeon |   7206 |   7010 |    196 |    617 |   5182 |   8 |  900.8 |
               +--------+--------+--------+--------+--------+-----+--------+

Top non-repeatable levels by time:
     D:7: 1515 daAuts
     D:4: 1123 daAuts
     D:5: 1043 daAuts
     D:3: 1025 daAuts
     D:6: 962 daAuts
     D:1: 801 daAuts
     D:2: 662 daAuts
     D:8: 71 daAuts
